[ AOE2 MATCH · #483375552 ]
Team RMKhmer vs Malay
[ REPLAY ANALYSIS · EXTRACTED FROM THE RECORDED GAME ]
Feudal
10:26
Castle
24:35
Imperial
42:33
| APM avg | 31.4 |
| APM peak | 93 |
| eAPM avg | 19.7 |
| Villagers / military | 247 / 136 |
Focus
⚔️ 38.6% · 🌾 61.4%
Archer ×93 · Knight ×36 · Spearman ×5 · Trebuchet (Packed) ×2
Feudal
10:36
Castle
20:36
Imperial
37:50
| APM avg | 24.9 |
| APM peak | 52 |
| eAPM avg | 14.5 |
| Villagers / military | 121 / 163 |
Focus
⚔️ 29.7% · 🌾 70.3%
Karambit Warrior ×95 · Skirmisher ×39 · Spearman ×20 · Militia ×3 · Petard ×3 · Trebuchet (Packed) ×3
Feudal
9:16
Castle
20:04
Imperial
33:56
| APM avg | 46.7 |
| APM peak | 81 |
| eAPM avg | 20.8 |
| Villagers / military | 149 / 196 |
Focus
⚔️ 38.8% · 🌾 61.2%
Archer ×189 · Trebuchet (Packed) ×6 · Spearman ×1
Feudal
9:21
Castle
20:15
Imperial
39:34
| APM avg | 37.7 |
| APM peak | 65 |
| eAPM avg | 16.8 |
| Villagers / military | 128 / 133 |
Focus
⚔️ 32.2% · 🌾 67.8%
Knight ×93 · Throwing Axeman ×20 · Scout Cavalry ×11 · Battering Ram ×3 · Spearman ×2 · Monk ×2
Feudal
9:15
Castle
23:35
Imperial
—
| APM avg | 34.6 |
| APM peak | 82 |
| eAPM avg | 15.7 |
| Villagers / military | 185 / 113 |
Focus
⚔️ 25.7% · 🌾 74.3%
Camel Scout ×91 · Scout Cavalry ×18 · Spearman ×4
Feudal
9:06
Castle
24:48
Imperial
37:08
| APM avg | 49.7 |
| APM peak | 90 |
| eAPM avg | 19.8 |
| Villagers / military | 146 / 146 |
Focus
⚔️ 27.3% · 🌾 72.7%
Cavalry Archer ×89 · Scout Cavalry ×31 · Knight ×22 · Trebuchet (Packed) ×3 · Monk ×1
Match map
Resources at game start + every placement click. Thick line = wall · dashed box = detected house wall. 🟡 gold · ⚪ stone · 🟢 berries · 🔶 boar · ⭕ relic
Inputs per minute
— Anath3mA - - 极地沙尘暴
Build order — Anath3mA
First 150 of 501 actions detected
| 0:02 | Create | Villager (Male) |
| 0:03 | Create | Villager (Male) |
| 0:03 | Create | Villager (Male) |
| 0:04 | Build | House |
| 0:06 | Build | House |
| 0:07 | Create | Villager (Male) |
| 0:07 | Create | Villager (Male) |
| 0:08 | Create | Villager (Male) |
| 1:35 | Create | Villager (Male) |
| 1:36 | Create | Villager (Male) |
| 1:36 | Create | Villager (Male) |
| 2:02 | Build | Lumber Camp |
| 2:09 | Create | Villager (Male) |
| 2:09 | Create | Villager (Male) |
| 2:10 | Create | Villager (Male) |
| 2:22 | Create | Villager (Male) |
| 2:51 | Create | Villager (Male) |
| 2:51 | Create | Villager (Male) |
| 3:44 | Create | Villager (Male) |
| 3:44 | Create | Villager (Male) |
| 4:00 | Create | Villager (Male) |
| 4:01 | Create | Villager (Male) |
| 4:11 | Build | House |
| 4:12 | Build | House |
| 4:20 | Build | House |
| 4:30 | Create | Villager (Male) |
| 4:30 | Create | Villager (Male) |
| 4:30 | Create | Villager (Male) |
| 4:30 | Create | Villager (Male) |
| 4:47 | Create | Villager (Male) |
| 4:47 | Create | Villager (Male) |
| 4:47 | Create | Villager (Male) |
| 4:57 | Create | Villager (Male) |
| 4:57 | Create | Villager (Male) |
| 4:57 | Create | Villager (Male) |
| 5:11 | Create | Villager (Male) |
| 5:11 | Create | Villager (Male) |
| 5:12 | Create | Villager (Male) |
| 5:12 | Create | Villager (Male) |
| 6:22 | Build | Mining Camp |
| 7:05 | Research | Loom |
| 8:16 | Research | Feudal Age |
| 8:16 | Research | Feudal Age |
| 8:16 | Research | Feudal Age |
| 9:00 | Build | Barracks |
| 9:29 | Build | House |
| 9:44 | Build | Palisade Wall |
| 9:49 | Create | Villager (Male) |
| 9:49 | Create | Villager (Male) |
| 10:01 | Build | Palisade Wall |
| 10:26 | Age | Feudal Age |
| 10:32 | Build | Archery Range |
| 10:37 | Create | Spearman |
| 10:40 | Build | House |
| 10:45 | Build | Palisade Wall |
| 10:58 | Research | Double-Bit Axe |
| 11:25 | Build | Archery Range |
| 11:28 | Create | Villager (Male) |
| 11:28 | Create | Villager (Male) |
| 11:31 | Create | Archer |
| 11:31 | Create | Archer |
| 12:07 | Create | Archer |
| 12:07 | Create | Archer |
| 12:22 | Build | Mill |
| 12:26 | Create | Archer |
| 12:27 | Create | Archer |
| 12:33 | Create | Archer |
| 12:44 | Build | House |
| 12:47 | Build | Palisade Wall |
| 12:52 | Create | Archer |
| 12:52 | Create | Archer |
| 12:53 | Create | Archer |
| 13:27 | Build | Blacksmith |
| 13:33 | Build | Palisade Wall |
| 13:36 | Create | Archer |
| 13:37 | Create | Archer |
| 13:41 | Build | Palisade Gate |
| 13:42 | Build | House |
| 13:45 | Build | Palisade Wall |
| 13:53 | Create | Villager (Male) |
| 13:55 | Build | Farm |
| 13:56 | Build | Farm |
| 14:07 | Create | Villager (Male) |
| 14:08 | Create | Villager (Male) |
| 14:08 | Create | Villager (Male) |
| 14:14 | Build | Farm |
| 14:18 | Create | Archer |
| 14:18 | Create | Archer |
| 14:18 | Create | Archer |
| 14:34 | Create | Villager (Male) |
| 14:34 | Create | Villager (Male) |
| 14:40 | Create | Archer |
| 14:40 | Create | Archer |
| 14:40 | Create | Archer |
| 14:45 | Build | House |
| 14:48 | Build | Palisade Wall |
| 15:30 | Create | Villager (Male) |
| 15:30 | Create | Villager (Male) |
| 16:05 | Create | Archer |
| 16:05 | Create | Archer |
| 16:05 | Create | Archer |
| 16:06 | Create | Archer |
| 16:11 | Research | Padded Archer Armor |
| 16:18 | Research | Fletching |
| 16:28 | Create | Villager (Male) |
| 16:28 | Create | Villager (Male) |
| 16:43 | Build | Farm |
| 16:44 | Create | Villager (Male) |
| 16:44 | Create | Villager (Male) |
| 16:45 | Create | Villager (Male) |
| 17:06 | Create | Villager (Male) |
| 17:07 | Create | Villager (Male) |
| 17:10 | Build | Farm |
| 17:14 | Build | House |
| 17:17 | Build | House |
| 17:21 | Create | Archer |
| 17:22 | Create | Archer |
| 17:37 | Create | Villager (Male) |
| 17:38 | Create | Villager (Male) |
| 18:09 | Create | Villager (Male) |
| 18:10 | Create | Villager (Male) |
| 18:28 | Create | Villager (Male) |
| 18:28 | Create | Villager (Male) |
| 18:34 | Build | Farm |
| 18:35 | Build | Farm |
| 18:37 | Build | Farm |
| 19:13 | Create | Villager (Male) |
| 19:13 | Create | Villager (Male) |
| 19:19 | Create | Villager (Male) |
| 19:20 | Create | Villager (Male) |
| 19:21 | Create | Archer |
| 19:21 | Create | Archer |
| 19:26 | Build | Farm |
| 19:26 | Build | Farm |
| 19:27 | Build | Farm |
| 19:34 | Build | Farm |
| 19:35 | Build | Farm |
| 19:42 | Build | Farm |
| 20:00 | Create | Archer |
| 20:01 | Create | Archer |
| 20:01 | Create | Archer |
| 20:02 | Create | Spearman |
| 20:02 | Create | Spearman |
| 20:17 | Build | House |
| 20:29 | Build | Farm |
| 20:30 | Build | Farm |
| 20:37 | Create | Archer |
| 21:21 | Build | Market |
| 21:23 | Build | House |
| 21:26 | Build | House |
Build order — 极地沙尘暴
First 150 of 361 actions detected
| 0:02 | Create | Villager (Male) |
| 0:02 | Create | Villager (Male) |
| 0:03 | Create | Villager (Male) |
| 0:03 | Create | Villager (Male) |
| 0:06 | Build | House |
| 0:10 | Build | House |
| 1:34 | Create | Villager (Male) |
| 1:35 | Create | Villager (Male) |
| 2:09 | Create | Villager (Male) |
| 2:40 | Create | Villager (Male) |
| 2:41 | Create | Villager (Male) |
| 3:00 | Build | Lumber Camp |
| 3:04 | Create | Villager (Male) |
| 3:05 | Create | Villager (Male) |
| 3:38 | Create | Villager (Male) |
| 3:38 | Create | Villager (Male) |
| 3:52 | Create | Villager (Male) |
| 3:52 | Create | Villager (Male) |
| 4:13 | Build | House |
| 4:16 | Build | House |
| 4:30 | Create | Villager (Male) |
| 4:31 | Create | Villager (Male) |
| 5:11 | Create | Villager (Male) |
| 5:11 | Create | Villager (Male) |
| 5:52 | Build | Mill |
| 6:07 | Create | Villager (Male) |
| 6:08 | Create | Villager (Male) |
| 6:59 | Create | Villager (Male) |
| 6:59 | Create | Villager (Male) |
| 7:44 | Build | Barracks |
| 7:49 | Build | House |
| 7:51 | Create | Villager (Male) |
| 8:22 | Create | Villager (Male) |
| 8:23 | Research | Loom |
| 8:30 | Build | House |
| 8:38 | Build | Palisade Wall |
| 8:40 | Build | Palisade Wall |
| 9:18 | Research | Feudal Age |
| 9:18 | Research | Feudal Age |
| 9:29 | Build | Lumber Camp |
| 9:39 | Build | Palisade Wall |
| 9:45 | Build | Palisade Wall |
| 10:01 | Build | Farm |
| 10:09 | Build | Farm |
| 10:21 | Build | Palisade Wall |
| 10:24 | Build | Palisade Wall |
| 10:26 | Build | Palisade Wall |
| 10:33 | Create | Villager (Male) |
| 10:33 | Create | Villager (Male) |
| 10:36 | Age | Feudal Age |
| 10:56 | Build | Farm |
| 11:01 | Build | Farm |
| 11:05 | Research | Double-Bit Axe |
| 11:05 | Research | Double-Bit Axe |
| 11:05 | Research | Double-Bit Axe |
| 11:15 | Build | Mill |
| 11:18 | Create | Villager (Male) |
| 11:18 | Create | Villager (Male) |
| 11:42 | Build | Palisade Wall |
| 12:01 | Build | Farm |
| 12:08 | Create | Villager (Male) |
| 12:19 | Build | House |
| 12:31 | Build | Palisade Wall |
| 12:35 | Create | Villager (Male) |
| 12:48 | Create | Villager (Male) |
| 12:52 | Build | Farm |
| 12:55 | Build | Farm |
| 12:59 | Create | Militia |
| 12:59 | Create | Militia |
| 12:59 | Create | Militia |
| 13:26 | Create | Villager (Male) |
| 13:47 | Build | Mining Camp |
| 13:55 | Build | Farm |
| 13:57 | Create | Villager (Male) |
| 13:58 | Create | Villager (Male) |
| 14:19 | Build | Farm |
| 14:26 | Build | Farm |
| 14:42 | Create | Villager (Male) |
| 14:43 | Create | Villager (Male) |
| 14:48 | Build | House |
| 14:52 | Build | House |
| 14:52 | Build | House |
| 15:07 | Build | Blacksmith |
| 15:35 | Build | Archery Range |
| 15:40 | Create | Villager (Male) |
| 15:40 | Create | Villager (Male) |
| 15:47 | Build | Mining Camp |
| 16:12 | Build | Watch Tower |
| 16:16 | Create | Villager (Male) |
| 16:21 | Build | Farm |
| 16:25 | Build | Farm |
| 16:38 | Create | Villager (Male) |
| 16:53 | Create | Skirmisher |
| 16:53 | Create | Skirmisher |
| 17:07 | Research | Fletching |
| 17:12 | Create | Villager (Male) |
| 17:12 | Create | Villager (Male) |
| 17:29 | Build | Market |
| 17:37 | Build | Blacksmith |
| 17:51 | Build | Market |
| 18:00 | Build | Farm |
| 18:10 | Create | Villager (Male) |
| 18:11 | Create | Villager (Male) |
| 18:16 | Build | Farm |
| 18:33 | Build | Farm |
| 18:50 | Research | Castle Age |
| 18:50 | Research | Castle Age |
| 19:00 | Research | Gold Mining |
| 19:02 | Create | Skirmisher |
| 19:03 | Create | Skirmisher |
| 19:03 | Create | Skirmisher |
| 19:35 | Build | House |
| 19:37 | Build | House |
| 19:42 | Create | Skirmisher |
| 19:43 | Create | Skirmisher |
| 20:10 | Create | Skirmisher |
| 20:11 | Create | Skirmisher |
| 20:24 | Build | Lumber Camp |
| 20:36 | Age | Castle Age |
| 20:38 | Build | Palisade Gate |
| 20:46 | Research | Padded Archer Armor |
| 20:58 | Research | Bow Saw |
| 20:58 | Research | Bow Saw |
| 21:13 | Create | Skirmisher |
| 21:20 | Research | Wheelbarrow |
| 21:21 | Create | Villager (Male) |
| 21:38 | Build | Farm |
| 21:54 | Build | Castle |
| 22:36 | Build | Castle |
| 22:40 | Create | Villager (Male) |
| 22:40 | Create | Villager (Male) |
| 22:44 | Research | Horse Collar |
| 22:45 | Research | Horse Collar |
| 22:52 | Create | Skirmisher |
| 23:24 | Create | Skirmisher |
| 23:24 | Create | Skirmisher |
| 23:24 | Create | Skirmisher |
| 23:30 | Research | Bodkin Arrow |
| 23:57 | Build | Lumber Camp |
| 24:01 | Create | Villager (Male) |
| 24:01 | Create | Villager (Male) |
| 24:01 | Create | Villager (Male) |
| 24:14 | Create | Karambit Warrior |
| 24:14 | Create | Karambit Warrior |
| 24:14 | Create | Karambit Warrior |
| 24:14 | Create | Karambit Warrior |
| 24:18 | Create | Karambit Warrior |
| 24:47 | Create | Skirmisher |
| 24:52 | Create | Karambit Warrior |
| 24:53 | Create | Karambit Warrior |
Build order — Nawaab
First 150 of 430 actions detected
| 0:00 | Create | Villager (Male) |
| 0:00 | Create | Villager (Male) |
| 0:02 | Build | House |
| 0:03 | Build | House |
| 0:14 | Create | Villager (Male) |
| 0:15 | Create | Villager (Male) |
| 1:22 | Create | Villager (Male) |
| 1:59 | Build | Lumber Camp |
| 2:06 | Create | Villager (Male) |
| 2:06 | Create | Villager (Male) |
| 2:06 | Create | Villager (Male) |
| 2:55 | Create | Villager (Male) |
| 2:55 | Create | Villager (Male) |
| 2:55 | Create | Villager (Male) |
| 3:04 | Create | Villager (Male) |
| 3:04 | Create | Villager (Male) |
| 3:32 | Create | Villager (Male) |
| 4:03 | Build | House |
| 4:08 | Create | Villager (Male) |
| 4:08 | Create | Villager (Male) |
| 4:09 | Create | Villager (Male) |
| 4:09 | Create | Villager (Male) |
| 4:37 | Build | Mill |
| 4:56 | Create | Villager (Male) |
| 4:56 | Create | Villager (Male) |
| 4:56 | Create | Villager (Male) |
| 5:26 | Create | Villager (Male) |
| 5:44 | Research | Loom |
| 6:58 | Research | Feudal Age |
| 6:58 | Research | Feudal Age |
| 7:08 | Build | Lumber Camp |
| 7:28 | Build | House |
| 7:56 | Build | Barracks |
| 8:02 | Create | Villager (Male) |
| 8:17 | Build | House |
| 8:54 | Build | House |
| 8:56 | Build | Palisade Wall |
| 9:13 | Build | Palisade Wall |
| 9:16 | Age | Feudal Age |
| 9:19 | Build | Archery Range |
| 9:23 | Research | Double-Bit Axe |
| 9:23 | Research | Double-Bit Axe |
| 9:24 | Create | Villager (Male) |
| 9:29 | Build | Palisade Wall |
| 9:29 | Build | Palisade Wall |
| 9:34 | Create | Spearman |
| 9:43 | Create | Villager (Male) |
| 10:11 | Create | Villager (Male) |
| 10:13 | Build | Mining Camp |
| 10:14 | Create | Archer |
| 10:14 | Create | Archer |
| 10:33 | Build | House |
| 10:34 | Build | Palisade Wall |
| 10:35 | Build | Palisade Wall |
| 10:39 | Build | Palisade Wall |
| 10:41 | Create | Villager (Male) |
| 10:47 | Create | Villager (Male) |
| 11:02 | Build | Palisade Wall |
| 11:03 | Create | Villager (Male) |
| 11:07 | Build | Palisade Wall |
| 11:08 | Build | Palisade Wall |
| 11:10 | Build | Palisade Wall |
| 11:12 | Create | Villager (Male) |
| 11:22 | Build | Palisade Wall |
| 11:22 | Build | Palisade Wall |
| 11:24 | Build | Palisade Wall |
| 11:26 | Create | Villager (Male) |
| 11:51 | Create | Archer |
| 11:51 | Create | Archer |
| 11:57 | Build | Farm |
| 12:05 | Build | Blacksmith |
| 12:14 | Build | Archery Range |
| 12:28 | Create | Archer |
| 12:30 | Create | Villager (Male) |
| 12:34 | Build | Farm |
| 13:04 | Build | House |
| 13:13 | Create | Villager (Male) |
| 13:16 | Build | Farm |
| 13:17 | Build | Farm |
| 13:17 | Build | Farm |
| 13:17 | Build | Farm |
| 13:17 | Build | Farm |
| 13:17 | Build | Farm |
| 13:21 | Create | Archer |
| 13:21 | Create | Archer |
| 13:21 | Create | Archer |
| 13:25 | Create | Villager (Male) |
| 13:31 | Build | Farm |
| 13:31 | Build | Farm |
| 13:31 | Build | Farm |
| 13:31 | Build | Farm |
| 13:37 | Build | House |
| 13:41 | Create | Archer |
| 13:41 | Create | Archer |
| 13:54 | Build | Farm |
| 13:54 | Build | Farm |
| 13:58 | Create | Villager (Male) |
| 14:07 | Create | Archer |
| 14:07 | Create | Archer |
| 14:19 | Create | Archer |
| 14:23 | Create | Villager (Male) |
| 14:37 | Build | Farm |
| 14:39 | Create | Archer |
| 14:39 | Create | Archer |
| 14:47 | Build | House |
| 14:49 | Create | Villager (Male) |
| 14:51 | Build | House |
| 14:58 | Build | Farm |
| 15:05 | Create | Villager (Male) |
| 15:14 | Create | Archer |
| 15:14 | Create | Archer |
| 15:14 | Create | Archer |
| 15:14 | Create | Archer |
| 15:18 | Create | Villager (Male) |
| 15:36 | Create | Archer |
| 15:36 | Create | Archer |
| 15:43 | Build | Farm |
| 15:57 | Create | Villager (Male) |
| 16:06 | Build | Blacksmith |
| 16:10 | Build | Blacksmith |
| 16:12 | Create | Archer |
| 16:12 | Create | Archer |
| 16:13 | Create | Archer |
| 16:13 | Create | Archer |
| 16:37 | Build | Farm |
| 16:42 | Create | Archer |
| 16:42 | Create | Archer |
| 16:43 | Create | Villager (Male) |
| 16:54 | Research | Fletching |
| 16:54 | Research | Fletching |
| 16:58 | Create | Villager (Male) |
| 17:24 | Research | Castle Age |
| 17:25 | Research | Castle Age |
| 17:29 | Build | House |
| 17:32 | Build | House |
| 17:34 | Build | House |
| 17:41 | Create | Archer |
| 17:45 | Build | Lumber Camp |
| 17:53 | Research | Horse Collar |
| 17:53 | Research | Horse Collar |
| 17:56 | Create | Archer |
| 17:56 | Create | Archer |
| 18:17 | Build | Building 796 |
| 18:21 | Create | Archer |
| 18:21 | Create | Archer |
| 18:35 | Research | Gold Mining |
| 18:48 | Research | Fletching |
| 18:48 | Research | Fletching |
| 18:50 | Create | Archer |
| 18:50 | Create | Archer |
Build order — MalditoNik0
First 150 of 436 actions detected
| 0:01 | Create | Villager (Male) |
| 0:01 | Create | Villager (Male) |
| 0:01 | Create | Villager (Male) |
| 0:02 | Create | Villager (Male) |
| 0:03 | Build | House |
| 0:04 | Build | House |
| 1:32 | Create | Villager (Male) |
| 1:32 | Create | Villager (Male) |
| 1:46 | Build | Lumber Camp |
| 2:04 | Create | Villager (Male) |
| 2:04 | Create | Villager (Male) |
| 2:25 | Build | House |
| 2:34 | Create | Villager (Male) |
| 2:34 | Create | Villager (Male) |
| 2:47 | Create | Villager (Male) |
| 2:47 | Create | Villager (Male) |
| 3:12 | Create | Villager (Male) |
| 3:13 | Create | Villager (Male) |
| 3:28 | Build | House |
| 3:46 | Create | Villager (Male) |
| 3:46 | Create | Villager (Male) |
| 4:11 | Create | Villager (Male) |
| 4:11 | Create | Villager (Male) |
| 4:35 | Create | Villager (Male) |
| 4:35 | Create | Villager (Male) |
| 4:54 | Create | Villager (Male) |
| 4:54 | Create | Villager (Male) |
| 4:55 | Create | Villager (Male) |
| 5:46 | Create | Villager (Male) |
| 5:46 | Create | Villager (Male) |
| 5:53 | Create | Villager (Male) |
| 5:54 | Research | Loom |
| 6:24 | Build | Mill |
| 6:46 | Create | Villager (Male) |
| 7:09 | Research | Feudal Age |
| 7:09 | Research | Feudal Age |
| 7:20 | Build | Palisade Wall |
| 7:25 | Build | Barracks |
| 7:39 | Build | Palisade Wall |
| 8:54 | Build | House |
| 9:21 | Age | Feudal Age |
| 9:24 | Build | Stable |
| 9:27 | Create | Villager (Male) |
| 9:27 | Create | Villager (Male) |
| 9:30 | Research | Double-Bit Axe |
| 9:34 | Build | Farm |
| 9:35 | Build | Farm |
| 9:56 | Build | Farm |
| 10:13 | Create | Scout Cavalry |
| 10:15 | Build | House |
| 10:22 | Create | Villager (Male) |
| 10:25 | Build | Farm |
| 10:32 | Create | Villager (Male) |
| 10:37 | Create | Scout Cavalry |
| 10:41 | Build | House |
| 10:50 | Build | Farm |
| 10:51 | Create | Villager (Male) |
| 11:16 | Build | Blacksmith |
| 11:21 | Create | Villager (Male) |
| 11:27 | Build | Farm |
| 11:35 | Create | Scout Cavalry |
| 11:50 | Build | Farm |
| 12:02 | Build | House |
| 12:08 | Create | Scout Cavalry |
| 12:10 | Create | Villager (Male) |
| 12:11 | Create | Villager (Male) |
| 12:23 | Build | Farm |
| 12:36 | Create | Villager (Male) |
| 12:39 | Build | House |
| 12:41 | Build | House |
| 12:43 | Build | House |
| 12:49 | Create | Villager (Male) |
| 12:53 | Create | Villager (Male) |
| 12:55 | Build | Farm |
| 13:26 | Create | Villager (Male) |
| 13:31 | Build | Farm |
| 13:52 | Create | Villager (Male) |
| 13:55 | Build | Farm |
| 13:56 | Build | Farm |
| 14:08 | Build | House |
| 14:10 | Build | Palisade Wall |
| 14:21 | Create | Villager (Male) |
| 14:26 | Create | Villager (Male) |
| 14:31 | Build | Farm |
| 14:43 | Create | Villager (Male) |
| 15:00 | Create | Villager (Male) |
| 15:19 | Build | Mining Camp |
| 15:23 | Build | House |
| 15:25 | Build | Farm |
| 15:56 | Build | Farm |
| 15:57 | Build | Farm |
| 16:23 | Create | Villager (Male) |
| 16:26 | Build | House |
| 16:31 | Build | Palisade Wall |
| 16:49 | Create | Spearman |
| 16:50 | Create | Spearman |
| 16:52 | Create | Villager (Male) |
| 17:14 | Build | Stable |
| 17:16 | Build | Stable |
| 17:29 | Build | Farm |
| 17:30 | Build | Farm |
| 17:35 | Research | Castle Age |
| 17:36 | Research | Castle Age |
| 18:02 | Build | Palisade Wall |
| 18:08 | Research | Scale Barding Armor |
| 18:08 | Research | Scale Barding Armor |
| 18:53 | Build | Palisade Wall |
| 19:12 | Research | Forging |
| 19:12 | Research | Forging |
| 19:20 | Build | Lumber Camp |
| 19:43 | Build | House |
| 19:49 | Build | House |
| 19:52 | Build | House |
| 20:15 | Age | Castle Age |
| 20:21 | Create | Villager (Male) |
| 20:21 | Create | Villager (Male) |
| 20:23 | Research | Bow Saw |
| 20:23 | Research | Bow Saw |
| 20:26 | Research | Husbandry |
| 20:30 | Create | Knight |
| 20:30 | Create | Knight |
| 20:30 | Create | Knight |
| 20:30 | Create | Knight |
| 20:31 | Create | Knight |
| 20:52 | Build | Town Center |
| 20:56 | Create | Villager (Male) |
| 20:59 | Create | Knight |
| 21:18 | Create | Knight |
| 21:18 | Create | Knight |
| 21:18 | Create | Knight |
| 21:18 | Create | Knight |
| 21:23 | Build | House |
| 21:24 | Build | House |
| 21:49 | Create | Knight |
| 21:50 | Create | Knight |
| 21:51 | Create | Villager (Male) |
| 21:52 | Create | Villager (Male) |
| 21:52 | Create | Villager (Male) |
| 22:24 | Build | House |
| 22:43 | Research | Chain Barding Armor |
| 22:44 | Research | Chain Barding Armor |
| 22:48 | Build | House |
| 22:49 | Build | House |
| 22:52 | Create | Villager (Male) |
| 22:52 | Create | Villager (Male) |
| 22:52 | Create | Villager (Male) |
| 22:56 | Build | Farm |
| 22:56 | Build | Farm |
| 22:56 | Build | Farm |
| 22:57 | Build | Farm |
Build order — PaikSiegePush
First 150 of 306 actions detected
| 0:02 | Build | House |
| 0:03 | Create | Villager (Male) |
| 0:03 | Create | Villager (Male) |
| 0:03 | Create | Villager (Male) |
| 0:03 | Create | Villager (Male) |
| 0:04 | Build | House |
| 1:24 | Create | Villager (Male) |
| 1:24 | Create | Villager (Male) |
| 1:24 | Create | Villager (Male) |
| 1:24 | Create | Villager (Male) |
| 2:18 | Create | Villager (Male) |
| 2:19 | Create | Villager (Male) |
| 2:19 | Create | Villager (Male) |
| 2:19 | Create | Villager (Male) |
| 2:35 | Build | Lumber Camp |
| 2:50 | Create | Villager (Male) |
| 2:50 | Create | Villager (Male) |
| 2:50 | Create | Villager (Male) |
| 2:50 | Create | Villager (Male) |
| 2:52 | Create | Villager (Male) |
| 2:53 | Create | Villager (Male) |
| 2:53 | Create | Villager (Male) |
| 3:19 | Create | Villager (Male) |
| 3:19 | Create | Villager (Male) |
| 3:19 | Create | Villager (Male) |
| 3:19 | Create | Villager (Male) |
| 3:20 | Create | Villager (Male) |
| 4:15 | Create | Villager (Male) |
| 4:15 | Create | Villager (Male) |
| 4:16 | Create | Villager (Male) |
| 4:16 | Create | Villager (Male) |
| 4:16 | Create | Villager (Male) |
| 4:22 | Build | House |
| 4:25 | Build | House |
| 4:39 | Research | Loom |
| 4:40 | Create | Villager (Male) |
| 4:40 | Create | Villager (Male) |
| 4:40 | Create | Villager (Male) |
| 4:48 | Create | Villager (Male) |
| 5:52 | Build | Mill |
| 5:58 | Create | Villager (Male) |
| 6:33 | Create | Villager (Male) |
| 7:05 | Research | Feudal Age |
| 7:54 | Build | Barracks |
| 8:24 | Build | House |
| 8:27 | Build | House |
| 9:15 | Create | Villager (Male) |
| 9:15 | Age | Feudal Age |
| 9:23 | Build | Stable |
| 9:40 | Create | Spearman |
| 9:48 | Create | Villager (Male) |
| 9:54 | Research | Double-Bit Axe |
| 10:28 | Build | Farm |
| 10:29 | Build | Farm |
| 10:29 | Build | Farm |
| 10:29 | Build | Farm |
| 10:29 | Build | Farm |
| 10:46 | Create | Scout Cavalry |
| 10:46 | Create | Scout Cavalry |
| 10:47 | Create | Scout Cavalry |
| 10:47 | Create | Scout Cavalry |
| 11:04 | Create | Spearman |
| 11:27 | Create | Villager (Male) |
| 11:27 | Create | Villager (Male) |
| 11:27 | Create | Villager (Male) |
| 11:27 | Create | Villager (Male) |
| 11:27 | Create | Villager (Male) |
| 11:31 | Build | Farm |
| 11:31 | Build | Farm |
| 11:32 | Build | Farm |
| 11:32 | Build | Farm |
| 11:56 | Create | Scout Cavalry |
| 11:57 | Create | Scout Cavalry |
| 11:57 | Create | Scout Cavalry |
| 11:57 | Create | Scout Cavalry |
| 12:06 | Create | Villager (Male) |
| 12:06 | Create | Villager (Male) |
| 12:07 | Create | Villager (Male) |
| 12:07 | Create | Villager (Male) |
| 12:27 | Create | Villager (Male) |
| 12:27 | Create | Villager (Male) |
| 12:27 | Create | Villager (Male) |
| 12:28 | Create | Villager (Male) |
| 12:41 | Build | Farm |
| 12:41 | Build | Farm |
| 12:41 | Build | Farm |
| 12:41 | Build | Farm |
| 12:44 | Create | Villager (Male) |
| 12:44 | Create | Villager (Male) |
| 12:44 | Create | Villager (Male) |
| 12:44 | Create | Villager (Male) |
| 12:52 | Create | Scout Cavalry |
| 12:56 | Create | Villager (Male) |
| 12:57 | Create | Villager (Male) |
| 12:57 | Create | Villager (Male) |
| 12:57 | Create | Villager (Male) |
| 12:57 | Create | Villager (Male) |
| 13:30 | Create | Scout Cavalry |
| 13:37 | Create | Villager (Male) |
| 13:37 | Create | Villager (Male) |
| 13:37 | Create | Villager (Male) |
| 13:38 | Create | Villager (Male) |
| 14:07 | Create | Villager (Male) |
| 14:07 | Create | Villager (Male) |
| 14:07 | Create | Villager (Male) |
| 14:07 | Create | Villager (Male) |
| 14:07 | Create | Villager (Male) |
| 14:07 | Create | Villager (Male) |
| 14:11 | Build | Farm |
| 14:39 | Create | Scout Cavalry |
| 14:39 | Create | Scout Cavalry |
| 14:39 | Create | Scout Cavalry |
| 14:39 | Create | Scout Cavalry |
| 14:59 | Create | Scout Cavalry |
| 15:10 | Build | House |
| 15:12 | Build | House |
| 15:14 | Build | House |
| 15:19 | Create | Scout Cavalry |
| 15:28 | Create | Spearman |
| 16:10 | Create | Scout Cavalry |
| 16:10 | Create | Scout Cavalry |
| 16:27 | Build | Farm |
| 16:29 | Create | Villager (Male) |
| 16:36 | Build | Palisade Wall |
| 16:40 | Build | Palisade Wall |
| 16:51 | Create | Villager (Male) |
| 17:10 | Create | Villager (Male) |
| 17:15 | Build | Farm |
| 17:15 | Build | Farm |
| 17:16 | Build | Farm |
| 17:16 | Build | Farm |
| 17:18 | Create | Villager (Male) |
| 17:32 | Build | Palisade Wall |
| 17:50 | Create | Villager (Male) |
| 18:04 | Create | Villager (Male) |
| 18:16 | Build | Palisade Wall |
| 18:18 | Build | Palisade Wall |
| 18:22 | Create | Spearman |
| 18:44 | Build | Palisade Wall |
| 18:53 | Build | Mining Camp |
| 18:58 | Create | Villager (Male) |
| 19:27 | Build | Market |
| 19:36 | Build | Palisade Wall |
| 19:52 | Create | Villager (Male) |
| 19:52 | Create | Villager (Male) |
| 19:59 | Build | Farm |
| 20:00 | Build | Farm |
| 20:01 | Build | Farm |
| 20:16 | Build | Building 804 |
| 20:55 | Research | Castle Age |
Build order — 剃刀割猪头
First 150 of 436 actions detected
| 0:03 | Create | Villager (Male) |
| 0:03 | Create | Villager (Male) |
| 0:06 | Build | House |
| 0:11 | Build | House |
| 0:52 | Create | Villager (Male) |
| 0:52 | Create | Villager (Male) |
| 1:36 | Create | Villager (Male) |
| 1:36 | Create | Villager (Male) |
| 2:14 | Create | Villager (Male) |
| 2:14 | Create | Villager (Male) |
| 2:15 | Create | Villager (Male) |
| 2:48 | Build | House |
| 2:52 | Build | Lumber Camp |
| 2:53 | Create | Villager (Male) |
| 2:53 | Create | Villager (Male) |
| 3:27 | Create | Villager (Male) |
| 3:40 | Create | Villager (Male) |
| 4:17 | Create | Villager (Male) |
| 4:41 | Create | Villager (Male) |
| 4:54 | Create | Villager (Male) |
| 4:54 | Create | Villager (Male) |
| 5:41 | Build | Mill |
| 5:55 | Create | Villager (Male) |
| 6:10 | Research | Loom |
| 6:56 | Research | Feudal Age |
| 6:56 | Research | Feudal Age |
| 7:06 | Build | House |
| 7:58 | Build | Barracks |
| 8:28 | Create | Villager (Male) |
| 8:29 | Create | Villager (Male) |
| 9:06 | Age | Feudal Age |
| 9:10 | Build | Stable |
| 9:19 | Research | Double-Bit Axe |
| 9:19 | Research | Double-Bit Axe |
| 9:26 | Create | Villager (Male) |
| 9:52 | Build | House |
| 9:58 | Create | Villager (Male) |
| 10:09 | Create | Scout Cavalry |
| 10:09 | Create | Scout Cavalry |
| 10:09 | Create | Scout Cavalry |
| 10:27 | Build | House |
| 10:30 | Create | Villager (Male) |
| 10:45 | Build | Palisade Wall |
| 11:06 | Build | House |
| 11:14 | Create | Villager (Male) |
| 11:15 | Create | Villager (Male) |
| 11:44 | Create | Villager (Male) |
| 11:57 | Build | Lumber Camp |
| 12:00 | Create | Villager (Male) |
| 12:31 | Create | Villager (Male) |
| 12:57 | Build | Palisade Wall |
| 13:01 | Create | Villager (Male) |
| 13:17 | Research | Horse Collar |
| 13:22 | Create | Villager (Male) |
| 13:22 | Create | Villager (Male) |
| 13:47 | Create | Villager (Male) |
| 13:47 | Create | Villager (Male) |
| 13:48 | Create | Villager (Male) |
| 13:52 | Build | Blacksmith |
| 13:56 | Create | Villager (Male) |
| 13:57 | Create | Villager (Male) |
| 14:27 | Build | Palisade Wall |
| 14:29 | Create | Villager (Male) |
| 14:33 | Build | Farm |
| 14:34 | Build | Farm |
| 14:34 | Build | Farm |
| 14:34 | Build | Farm |
| 14:34 | Build | Farm |
| 14:35 | Build | Farm |
| 14:35 | Build | Farm |
| 14:35 | Build | Farm |
| 14:35 | Build | Farm |
| 14:36 | Build | Farm |
| 14:37 | Create | Villager (Male) |
| 14:46 | Build | Farm |
| 14:54 | Build | Palisade Wall |
| 14:58 | Build | House |
| 15:46 | Create | Villager (Male) |
| 15:47 | Create | Villager (Male) |
| 15:47 | Create | Villager (Male) |
| 16:13 | Create | Villager (Male) |
| 16:28 | Build | Farm |
| 16:28 | Build | Farm |
| 16:29 | Build | Farm |
| 16:29 | Build | Farm |
| 16:29 | Build | Farm |
| 16:29 | Build | Farm |
| 16:30 | Build | Farm |
| 16:30 | Build | Farm |
| 16:31 | Create | Villager (Male) |
| 16:37 | Build | House |
| 16:40 | Create | Scout Cavalry |
| 16:40 | Create | Scout Cavalry |
| 16:52 | Create | Villager (Male) |
| 17:33 | Build | House |
| 17:34 | Create | Villager (Male) |
| 17:38 | Build | Farm |
| 17:39 | Build | Farm |
| 17:42 | Create | Scout Cavalry |
| 17:54 | Build | House |
| 18:00 | Build | Palisade Wall |
| 18:02 | Create | Villager (Male) |
| 18:12 | Create | Villager (Male) |
| 18:14 | Research | Scale Barding Armor |
| 18:15 | Research | Scale Barding Armor |
| 18:15 | Create | Villager (Male) |
| 18:24 | Build | Farm |
| 18:34 | Build | Mining Camp |
| 18:39 | Create | Villager (Male) |
| 18:44 | Create | Scout Cavalry |
| 18:52 | Create | Scout Cavalry |
| 19:02 | Build | House |
| 19:22 | Build | House |
| 19:26 | Build | Palisade Wall |
| 19:36 | Build | Farm |
| 19:37 | Build | Farm |
| 19:54 | Create | Scout Cavalry |
| 19:55 | Create | Scout Cavalry |
| 19:56 | Create | Villager (Male) |
| 20:20 | Build | House |
| 20:20 | Build | House |
| 20:33 | Build | Stable |
| 20:38 | Create | Villager (Male) |
| 20:50 | Build | Palisade Wall |
| 20:51 | Create | Villager (Male) |
| 20:57 | Research | Bloodlines |
| 20:58 | Research | Bloodlines |
| 21:07 | Build | Farm |
| 21:19 | Build | House |
| 21:20 | Build | House |
| 21:26 | Research | Gold Mining |
| 21:43 | Create | Villager (Male) |
| 21:50 | Research | Castle Age |
| 21:50 | Research | Castle Age |
| 22:06 | Build | Farm |
| 22:07 | Build | Farm |
| 22:22 | Build | Market |
| 22:29 | Build | House |
| 22:32 | Build | House |
| 22:33 | Build | House |
| 22:58 | Create | Scout Cavalry |
| 22:58 | Create | Scout Cavalry |
| 22:58 | Create | Scout Cavalry |
| 23:07 | Build | House |
| 23:10 | Build | House |
| 23:17 | Build | House |
| 23:18 | Build | House |
| 23:20 | Build | House |
| 23:32 | Create | Scout Cavalry |
| 23:32 | Create | Scout Cavalry |
Match timeline
| 7:20 | MalditoNik0 · wall_segment Palisade Wall x1 |
| 7:25 | MalditoNik0 · first_building Barracks |
| 7:39 | MalditoNik0 · wall_segment Palisade Wall x13 |
| 7:44 | 极地沙尘暴 · first_building Barracks |
| 7:54 | PaikSiegePush · first_building Barracks |
| 7:56 | Nawaab · first_building Barracks |
| 7:58 | 剃刀割猪头 · first_building Barracks |
| 8:38 | 极地沙尘暴 · wall_segment Palisade Wall x2 |
| 8:40 | 极地沙尘暴 · wall_segment Palisade Wall x4 |
| 8:56 | Nawaab · wall_segment Palisade Wall x2 |
| 9:00 | Anath3mA · first_building Barracks |
| 9:06 | 剃刀割猪头 · age_up feudal |
| 9:10 | 剃刀割猪头 · first_building Stable |
| 9:13 | Nawaab · wall_segment Palisade Wall x3 |
| 9:15 | PaikSiegePush · age_up feudal |
| 9:16 | Nawaab · age_up feudal |
| 9:19 | Nawaab · first_building Archery Range |
| 9:21 | MalditoNik0 · age_up feudal |
| 9:23 | PaikSiegePush · first_building Stable |
| 9:24 | MalditoNik0 · first_building Stable |
| 9:29 | Nawaab · wall_segment Palisade Wall x4 |
| 9:29 | Nawaab · wall_segment Palisade Wall x2 |
| 9:39 | 极地沙尘暴 · wall_segment Palisade Wall x3 |
| 9:44 | Anath3mA · wall_segment Palisade Wall x3 |
| 9:45 | 极地沙尘暴 · wall_segment Palisade Wall x8 |
| 10:01 | Anath3mA · wall_segment Palisade Wall x11 |
| 10:21 | 极地沙尘暴 · wall_segment Palisade Wall x5 |
| 10:24 | 极地沙尘暴 · wall_segment Palisade Wall x2 |
| 10:26 | 极地沙尘暴 · wall_segment Palisade Wall x4 |
| 10:26 | Anath3mA · age_up feudal |
| 10:32 | Anath3mA · first_building Archery Range |
| 10:34 | Nawaab · wall_segment Palisade Wall x2 |
| 10:35 | Nawaab · wall_segment Palisade Wall x1 |
| 10:36 | 极地沙尘暴 · age_up feudal |
| 10:39 | Nawaab · wall_segment Palisade Wall x8 |
| 10:45 | Anath3mA · wall_segment Palisade Wall x10 |
| 10:45 | 剃刀割猪头 · wall_segment Palisade Wall x20 |
| 11:02 | Nawaab · wall_segment Palisade Wall x12 |
| 11:07 | Nawaab · wall_segment Palisade Wall x4 |
| 11:08 | Nawaab · wall_segment Palisade Wall x6 |
| 11:10 | Nawaab · wall_segment Palisade Wall x14 |
| 11:22 | Nawaab · wall_segment Palisade Wall x1 |
| 11:22 | Nawaab · wall_segment Palisade Wall x1 |
| 11:24 | Nawaab · wall_segment Palisade Wall x13 |
| 11:42 | 极地沙尘暴 · wall_segment Palisade Wall x8 |
| 12:31 | 极地沙尘暴 · wall_segment Palisade Wall x17 |
| 12:47 | Anath3mA · wall_segment Palisade Wall x11 |
| 12:57 | 剃刀割猪头 · wall_segment Palisade Wall x8 |
| 13:33 | Anath3mA · wall_segment Palisade Wall x4 |
| 13:45 | Anath3mA · wall_segment Palisade Wall x3 |
| 14:10 | MalditoNik0 · wall_segment Palisade Wall x1 |
| 14:27 | 剃刀割猪头 · wall_segment Palisade Wall x20 |
| 14:48 | Anath3mA · wall_segment Palisade Wall x8 |
| 14:54 | 剃刀割猪头 · wall_segment Palisade Wall x2 |
| 15:35 | 极地沙尘暴 · first_building Archery Range |
| 16:31 | MalditoNik0 · wall_segment Palisade Wall x18 |
| 16:36 | PaikSiegePush · wall_segment Palisade Wall x12 |
| 16:40 | PaikSiegePush · wall_segment Palisade Wall x4 |
| 17:32 | PaikSiegePush · wall_segment Palisade Wall x15 |
| 18:00 | 剃刀割猪头 · wall_segment Palisade Wall x7 |
| 18:02 | MalditoNik0 · wall_segment Palisade Wall x12 |
| 18:16 | PaikSiegePush · wall_segment Palisade Wall x18 |
| 18:18 | PaikSiegePush · wall_segment Palisade Wall x2 |
| 18:44 | PaikSiegePush · wall_segment Palisade Wall x9 |
| 18:53 | MalditoNik0 · wall_segment Palisade Wall x8 |
| 19:26 | 剃刀割猪头 · wall_segment Palisade Wall x6 |
| 19:36 | PaikSiegePush · wall_segment Palisade Wall x8 |
| 20:04 | Nawaab · age_up castle |
| 20:15 | MalditoNik0 · age_up castle |
| 20:36 | 极地沙尘暴 · age_up castle |
| 20:50 | 剃刀割猪头 · wall_segment Palisade Wall x15 |
| 21:54 | 极地沙尘暴 · first_building Castle |
| 22:26 | Anath3mA · wall_segment Palisade Wall x1 |
| 22:42 | Nawaab · first_building Monastery |
| 23:35 | PaikSiegePush · age_up castle |
| 24:35 | Anath3mA · age_up castle |
| 24:48 | 剃刀割猪头 · age_up castle |
| 25:49 | Nawaab · wall_segment Palisade Wall x5 |
| 25:55 | Nawaab · wall_segment Palisade Wall x1 |
| 26:13 | Nawaab · wall_segment Palisade Wall x1 |
| 26:17 | MalditoNik0 · first_building Monastery |
| 26:41 | 极地沙尘暴 · first_building Siege Workshop |
| 26:42 | Anath3mA · first_market_sell 100 food |
| 28:56 | Anath3mA · first_market_buy 100 wood |
| 31:50 | 剃刀割猪头 · first_building Castle |
| 32:05 | MalditoNik0 · first_building Castle |
| 32:29 | 剃刀割猪头 · first_building Monastery |
| 33:20 | 剃刀割猪头 · first_market_sell 100 wood |
| 33:27 | Anath3mA · wall_segment Stone Wall x1 |
| 33:56 | Nawaab · age_up imperial |
| 34:26 | Nawaab · first_market_buy 100 stone |
| 34:35 | Anath3mA · wall_segment Stone Wall x1 |
| 34:37 | 剃刀割猪头 · first_building Archery Range |
| 35:16 | 极地沙尘暴 · first_market_buy 100 stone |
| 35:25 | MalditoNik0 · first_building Siege Workshop |
| 36:07 | Nawaab · first_building Castle |
| 36:26 | Anath3mA · first_building Castle |
| 36:30 | Nawaab · wall_segment Palisade Wall x12 |
| 36:57 | 极地沙尘暴 · first_building Monastery |
| 37:08 | 剃刀割猪头 · age_up imperial |
| 37:50 | 极地沙尘暴 · age_up imperial |
| 39:34 | MalditoNik0 · age_up imperial |
| 39:52 | Anath3mA · first_building Stable |
| 40:20 | Nawaab · wall_segment Palisade Wall x8 |
| 40:50 | Nawaab · wall_segment Palisade Wall x5 |
| 41:06 | Anath3mA · wall_segment Stone Wall x7 |
| 41:48 | Nawaab · wall_segment Palisade Wall x1 |
| 41:50 | Nawaab · wall_segment Palisade Wall x1 |
| 42:08 | Nawaab · wall_segment Stone Wall x1 |
| 42:09 | Nawaab · wall_segment Stone Wall x1 |
| 42:33 | Anath3mA · age_up imperial |
| 45:51 | PaikSiegePush · first_building Castle |
| 46:39 | Nawaab · resign |
[ AI ANALYSIS · 1 CREDIT ]
What really happened in this match?
Wolo.gg analyzes every decision: build order, eco, micro, common mistakes by bracket. Personalized analysis on WhatsApp or Discord in 30 seconds.
Civ guide
Khmer
Map guide
Arabia
Perfil
Anath3mA